Map: Catalyst LE

Players

Zest

  • Race: Protoss Protoss
  • League: Master
  • Spawn Location: 5:00

Solar - Winner!

  • Race: Zerg Zerg
  • Spawn Location: 11:00

Event: HomeStory Cup XVI

VOD

Have the link to the VOD?

Description

Time

  • Played on: Nov. 12, 2017, 3:37 p.m.
  • Length: 2:39

All games in this series

Show
View Real Time Build Order
Export as new Build Order

Zest Protoss 

Build Orders:  

Get SALT Encoding   

  12  0:02  Probe (Chrono Boost)  
  14  0:14  Probe (Chrono Boost)  
  14  0:17  Pylon  
  14  0:25  Probe (Chrono Boost)  
  15  0:31  Probe (Chrono Boost)  
  15  0:40  Probe (Chrono Boost)  
  17  0:43  Gateway  
  17  0:48  Assimilator  
  17  0:53  Probe (Chrono Boost)  
  19  1:05  Probe (Chrono Boost)  
  19  1:15  Pylon  
  19  1:17  Probe (Chrono Boost)  
  20  1:23  Zealot, Gateway  
  20  1:31  Cybernetics Core  
  20  1:39  Probe (Chrono Boost)  
  23  1:51  Probe (Chrono Boost)  
  18  2:21  Pylon  
Show
View Real Time Build Order
Export as new Build Order

Solar Zerg - Winner!

Build Orders: Pool Only 

Get SALT Encoding   

  12  0:17  Spawning Pool  
  11  0:22  Drone  
  11  0:26  Drone  
  13  0:31  Drone  
  14  0:40  Overlord  
  14  1:04  Zergling x4  
  16  1:06  Zergling x2  
  17  1:16  Zergling x2  
  18  1:29  Zergling x2  
  19  1:38  Zergling x2  
  20  1:49  Zergling x2  
  21  2:00  Zergling x2  
  20  2:11  Zergling x2  
Tags
 
Add a new tag
Caveats
  • Supply blocks, unpowered buildings, or Contaminate may cause inaccurate times.
  • Supply counts are checked every 10 seconds.